SR
SURPRISE SHOCKERS @ FRANKLIN FIRE
07/03/2038
 
TOP OF THE 1ST
Surprise Shockers batting - Pitching for Franklin Fire : LHP Yakobo Mutahi
Pitching: LHP Yakobo Mutahi
Batting: RHB Hamid Rutu 0-0: Ball
1-0: Ball
2-0: Ball
3-0: Called Strike
3-1: SINGLE (Groundball, 6D, EV 103.8 MPH)
Batting: RHB Ricardo Cantú 0-0: Ball
1-0: Ball
2-0: Fly out, F8 (Flyball, 8RM, EV 80.0 MPH)
Batting: RHB Ernest Lesley 0-0: SINGLE (Flyball, 89S, EV 92.5 MPH)
Hamid Rutu to second
Runner from 2nd tries for 3rd, SAFE, throw by RF made to third
Batting: LHB Lewis N. Clark 0-0: Fly out, F8 (Flyball, 78D, EV 91.2 MPH)
Runner from 3rd tags up, SCORES, throw by CF
Batting: RHB Edgar López 0-0: Ball
1-0: Ball
2-0: Ball
3-0: Called Strike
3-1: Base on Balls
Ernest Lesley to second
Batting: RHB Joe Wolfe 0-0: Ball
1-0: Foul Ball, location: 2F
1-1: Called Strike
1-2: Strikes out swinging
Top of the 1st over - 1 run, 2 hits, 0 errors, 2 left on base; Surprise 1 - Franklin 0
BOTTOM OF THE 1ST
Franklin Fire batting - Pitching for Surprise Shockers : RHP Jorge Bigro
Pitching: RHP Jorge Bigro
Batting: LHB Bobby Verstraten 0-0: Called Strike
0-1: Ball
1-1: Ball
2-1: SINGLE (Groundball, 5D, EV 100.6 MPH)
Batting: RHB Charlie Yaeger 0-0: Grounds into double play, 4-6-3 (Groundball, 34, EV 81.2 MPH)
Batting: LHB Zak Makepeace 0-0: Foul Ball, location: 2F
0-1: Ball
1-1: Ground out 4-3 (Groundball, 34, EV 80.0 MPH)
Bottom of the 1st over - 0 runs, 1 hit, 0 errors, 0 left on base; Surprise 1 - Franklin 0
TOP OF THE 2ND
Surprise Shockers batting - Pitching for Franklin Fire : LHP Yakobo Mutahi
Batting: RHB Bob Byrd 0-0: Reached on error, E8 (Line Drive, 8LM, EV 98.1 MPH)
Batting: RHB Mark Fontenot 0-0: Ball
1-0: Ball
2-0: Ball
3-0: Called Strike
3-1: Foul Ball, location: 2F
3-2: Foul Ball, location: 2F
3-2: Base on Balls
Batting: RHB Jorge Miralles 0-0: Swinging Strike
0-1: Called Strike
0-2: Strikes out swinging
Batting: RHB Hamid Rutu 0-0: Ball
1-0: Ball
2-0: Called Strike
2-1: Foul Ball, location: 2F
2-2: Ball
3-2: Fly out, F8 (Line Drive, 8RD, EV 94.4 MPH)
Batting: RHB Ricardo Cantú 0-0: Called Strike
0-1: Called Strike
0-2: Ball
1-2: Strikes out swinging
Top of the 2nd over - 0 runs, 0 hits, 1 error, 2 left on base; Surprise 1 - Franklin 0
BOTTOM OF THE 2ND
Franklin Fire batting - Pitching for Surprise Shockers : RHP Jorge Bigro
Batting: RHB Nick McGhee 0-0: Swinging Strike
0-1: Ball
1-1: Ball
2-1: Called Strike
2-2: Ball
3-2: Base on Balls
Batting: RHB Tucker Sanford 0-0: Ball
1-0: Ball
2-0: Called Strike
2-1: SINGLE (Flyball, 9S, EV 88.8 MPH)
Nick McGhee to second
Runner from 2nd tries for 3rd, SAFE, throw by RF made to third
Batting: SHB Roberto Arroyo 0-0: Swinging Strike
0-1: Ball
1-1: Fielders Choice at 2nd, 6-4 (Groundball, 6, EV 77.5 MPH)
Nick McGhee scores
Batting: SHB Millard Jones 0-0: Swinging Strike
0-1: Called Strike
0-2: Ball
1-2: Fly out, F8 (Flyball, 8RXD, EV 97.5 MPH)
Batting: SHB Kevin Davis 0-0: Called Strike
0-1: Ball
1-1: Foul Ball, location: 2F
1-2: Ball
2-2: Ball
3-2: Foul Ball, location: 2F
3-2: SINGLE (Groundball, 56D, EV 96.9 MPH)
Roberto Arroyo to second
Roberto Arroyo to third
Batting: RHB Randy Baker 0-0: Called Strike
0-1: Swinging Strike
0-2: Strikes out swinging
Bottom of the 2nd over - 1 run, 2 hits, 0 errors, 2 left on base; Surprise 1 - Franklin 1
TOP OF THE 3RD
Surprise Shockers batting - Pitching for Franklin Fire : LHP Yakobo Mutahi
Batting: RHB Ernest Lesley 0-0: Ball
1-0: Swinging Strike
1-1: Ball
2-1: Ball
3-1: SINGLE (Line Drive, 56D, EV 96.2 MPH)
Batting: LHB Lewis N. Clark 0-0: DOUBLE (Line Drive, 9LD, EV 107.5 MPH)
Ernest Lesley to third
Batting: RHB Edgar López 0-0: Fly out, F9 (Flyball, 89M, EV 86.9 MPH)
Batting: RHB Joe Wolfe 0-0: Called Strike
0-1: Ball
1-1: Fly out, F6 (Popup, 6MD, EV 64.4 MPH)
Batting: RHB Bob Byrd 0-0: SINGLE (Line Drive, 8RS, EV 94.4 MPH)
Ernest Lesley scores
Lewis N. Clark to third
Runner from 3rd tries for Home, SAFE, throw by CF to home
Bob Byrd to second
Batting: RHB Mark Fontenot 0-0: Swinging Strike
0-1: Ball
1-1: Ball
2-1: Hit by Pitch
Batting: RHB Jorge Miralles 0-0: Ball
1-0: Ball
2-0: Fly out, F3 (Popup, 3, EV 69.4 MPH)
Top of the 3rd over - 2 runs, 3 hits, 0 errors, 2 left on base; Surprise 3 - Franklin 1
BOTTOM OF THE 3RD
Franklin Fire batting - Pitching for Surprise Shockers : RHP Jorge Bigro
Batting: LHB Bobby Verstraten 0-0: Ball
1-0: Foul Ball, location: 2F
1-1: Fly out, F2 (Popup, 15S, EV 80.6 MPH)
Batting: RHB Charlie Yaeger 0-0: Foul Ball, location: 2F
0-1: Ground out 6-3 (Groundball, 6, EV 85.6 MPH)
Batting: LHB Zak Makepeace 0-0: Ball
1-0: Ground out 6-3 (Groundball, 6S, EV 81.9 MPH)
Bottom of the 3rd over - 0 runs, 0 hits, 0 errors, 0 left on base; Surprise 3 - Franklin 1
TOP OF THE 4TH
Surprise Shockers batting - Pitching for Franklin Fire : LHP Yakobo Mutahi
Batting: RHB Hamid Rutu 0-0: Called Strike
0-1: Swinging Strike
0-2: Ball
1-2: Ball
2-2: Ball
3-2: Strikes out looking
Batting: RHB Ricardo Cantú 0-0: Ball
1-0: Called Strike
1-1: Called Strike
1-2: Foul Ball, location: 2F
1-2: Strikes out swinging
Batting: RHB Ernest Lesley 0-0: Called Strike
0-1: Foul Ball, location: 2F
0-2: Ball
1-2: Foul Ball, location: 2F
1-2: Strikes out swinging
Top of the 4th over - 0 runs, 0 hits, 0 errors, 0 left on base; Surprise 3 - Franklin 1
BOTTOM OF THE 4TH
Franklin Fire batting - Pitching for Surprise Shockers : RHP Jorge Bigro
Batting: RHB Nick McGhee 0-0: Ball
1-0: Foul Ball, location: 2F
1-1: Fly out, F9 (Flyball, 89S, EV 90.6 MPH)
Batting: RHB Tucker Sanford 0-0: Ball
1-0: Swinging Strike
1-1: Swinging Strike
1-2: Ball
2-2: Ball
3-2: Strikes out looking
Batting: SHB Roberto Arroyo 0-0: Ground out 5-3 (Groundball, 5L, EV 81.9 MPH)
Bottom of the 4th over - 0 runs, 0 hits, 0 errors, 0 left on base; Surprise 3 - Franklin 1
TOP OF THE 5TH
Surprise Shockers batting - Pitching for Franklin Fire : LHP Yakobo Mutahi
Batting: LHB Lewis N. Clark 0-0: Called Strike
0-1: Foul Ball, location: 2F
0-2: Foul Ball, location: 2F
0-2: Ball
1-2: Ball
2-2: Foul Ball, location: 2F
2-2: Fly out, F9 (Flyball, 9S, EV 81.9 MPH)
Batting: RHB Edgar López 0-0: Called Strike
0-1: Foul Ball, location: 2F
0-2: Ball
1-2: Ball
2-2: Foul Ball, location: 2F
2-2: Foul Ball, location: 2F
2-2: Ball
3-2: Base on Balls
Batting: RHB Joe Wolfe 0-0: Foul Ball, location: 2F
0-1: Ball
1-1: 2-RUN HOME RUN (Flyball, 9LD, EV 109.4 MPH), Distance : 347 ft
Batting: RHB Bob Byrd 0-0: Foul Ball, location: 2F
0-1: Ball
1-1: Ball
2-1: Swinging Strike
2-2: Ball
3-2: Foul Ball, location: 2F
3-2: Strikes out swinging
Batting: RHB Mark Fontenot 0-0: Called Strike
0-1: Swinging Strike
0-2: Ball
1-2: Ball
2-2: Ball
3-2: Strikes out looking
Top of the 5th over - 2 runs, 1 hit, 0 errors, 0 left on base; Surprise 5 - Franklin 1
BOTTOM OF THE 5TH
Franklin Fire batting - Pitching for Surprise Shockers : RHP Jorge Bigro
Batting: SHB Millard Jones 0-0: Swinging Strike
0-1: Swinging Strike
0-2: Ball
1-2: Foul Ball, location: 2F
1-2: Ball
2-2: Ball
3-2: Base on Balls
Batting: SHB Kevin Davis 0-0: Ball
1-0: Foul Ball, location: 2F
1-1: Foul Ball, location: 2F
1-2: Ball
2-2: Ball
3-2: Fly out, F8 (Flyball, 89D, EV 96.2 MPH)
Batting: RHB Randy Baker 0-0: Ball
1-0: Ball
2-0: Foul Ball, location: 2F
2-1: Foul Ball, location: 2F
2-2: Strikes out swinging
Batting: LHB Bobby Verstraten 0-0: Called Strike
0-1: Ball
1-1: Ball
2-1: Ground out 4-3 (Groundball, 4S, EV 65.6 MPH)
Bottom of the 5th over - 0 runs, 0 hits, 0 errors, 1 left on base; Surprise 5 - Franklin 1
TOP OF THE 6TH
Surprise Shockers batting - Pitching for Franklin Fire : LHP Yakobo Mutahi
Batting: RHB Jorge Miralles 0-0: Ball
1-0: Ball
2-0: Called Strike
2-1: Ball
3-1: SINGLE (Flyball, 7S, EV 92.5 MPH)
Pitching: RHP Myung-chor Chong
Batting: RHB Hamid Rutu 0-0: Ball
1-0: Foul Ball, location: 2F
1-1: Ball
2-1: Foul Ball, location: 2F
2-2: Foul Ball, location: 2F
2-2: Ball
3-2: Foul Ball, location: 2F
3-2: Strikes out swinging
Batting: RHB Ricardo Cantú 0-0: Fly out, F3 (Popup, 23F, EV 89.4 MPH)
Batting: RHB Ernest Lesley 0-0: Swinging Strike
0-1: Foul Ball, location: 2F
0-2: Ball
1-2: Strikes out swinging
Top of the 6th over - 0 runs, 1 hit, 0 errors, 1 left on base; Surprise 5 - Franklin 1
BOTTOM OF THE 6TH
Franklin Fire batting - Pitching for Surprise Shockers : RHP Jorge Bigro
Batting: RHB Charlie Yaeger 0-0: Ball
1-0: Called Strike
1-1: Ball
2-1: Fly out, F1 (Line Drive, P, EV 60.0 MPH)
Batting: LHB Zak Makepeace 0-0: SOLO HOME RUN (Flyball, 9LD, EV 96.9 MPH), Distance : 349 ft
Batting: RHB Nick McGhee 0-0: Fly out, F7 (Flyball, 78D, EV 78.8 MPH)
Batting: RHB Tucker Sanford 0-0: Ball
1-0: Ball
2-0: Ball
3-0: Called Strike
3-1: Base on Balls
Batting: SHB Roberto Arroyo 0-0: Called Strike
0-1: Ball
1-1: Ball
2-1: Called Strike
2-2: Fielders Choice at 2nd, U6 (Groundball, 6M, EV 81.9 MPH)
Bottom of the 6th over - 1 run, 1 hit, 0 errors, 1 left on base; Surprise 5 - Franklin 2
TOP OF THE 7TH
Surprise Shockers batting - Pitching for Franklin Fire : RHP Myung-chor Chong
Batting: LHB Lewis N. Clark 0-0: Ball
1-0: Called Strike
1-1: SOLO HOME RUN (Flyball, 9LD, EV 86.9 MPH), Distance : 347 ft
Batting: RHB Edgar López 0-0: Called Strike
0-1: Foul Ball, location: 2F
0-2: Ground out 5-3 (Groundball, 56S, EV 78.1 MPH)
Batting: RHB Joe Wolfe 0-0: Ball
1-0: Ball
2-0: Foul Ball, location: 2F
2-1: Foul Ball, location: 2F
2-2: Strikes out swinging
Batting: RHB Bob Byrd 0-0: Called Strike
0-1: Swinging Strike
0-2: Strikes out looking
Top of the 7th over - 1 run, 1 hit, 0 errors, 0 left on base; Surprise 6 - Franklin 2
BOTTOM OF THE 7TH
Franklin Fire batting - Pitching for Surprise Shockers : RHP Jorge Bigro
Batting: SHB Millard Jones 0-0: Foul Ball, location: 2F
0-1: Ball
1-1: Swinging Strike
1-2: Ball
2-2: Ground out 4-3 (Groundball, 4, EV 81.2 MPH)
Batting: SHB Kevin Davis 0-0: Single, Error in OF, E7, batter to second base (Line Drive, 6D, EV 104.4 MPH)
Pitching: RHP Phil Waasdorp
Batting: RHB Randy Baker 0-0: Swinging Strike
0-1: Called Strike
0-2: Ball
1-2: Strikes out looking
Batting: LHB Bobby Verstraten 0-0: Fly out, F9 (Flyball, 9D, EV 94.4 MPH)
Bottom of the 7th over - 0 runs, 1 hit, 1 error, 1 left on base; Surprise 6 - Franklin 2
TOP OF THE 8TH
Surprise Shockers batting - Pitching for Franklin Fire : RHP Myung-chor Chong
Batting: RHB Mark Fontenot 0-0: Foul Ball, location: 2F
0-1: SINGLE (Groundball, 34D, EV 105.6 MPH)
Pitching: RHP Gan Hui
Batting: RHB Jorge Miralles 0-0: Bunt missed!
0-1: Ball
1-1: Bunt missed!
1-2: SINGLE (Groundball, 6MD, EV 97.5 MPH)
Mark Fontenot to second
Batting: RHB Hamid Rutu 0-0: Ball
1-0: SINGLE (Flyball, 9LS, EV 89.4 MPH)
Mark Fontenot to third
Jorge Miralles to second
Batting: RHB Ricardo Cantú 0-0: Foul Ball, location: 2F
0-1: Swinging Strike
0-2: Ball
1-2: Ball
2-2: Ball
3-2: SINGLE (Groundball, 34D, EV 98.8 MPH)
Mark Fontenot scores
Jorge Miralles to third
Hamid Rutu to second
Pitching: RHP José Rivera
Batting: RHB Ernest Lesley 0-0: Ball
1-0: Ball
2-0: Foul Ball, location: 2F
2-1: SINGLE (Groundball, 56D, EV 104.4 MPH)
Jorge Miralles scores
Hamid Rutu to third
Ricardo Cantú to second
Batting: LHB Lewis N. Clark 0-0: DOUBLE (Flyball, 78XD, EV 96.2 MPH)
Hamid Rutu scores
Ricardo Cantú scores
Ernest Lesley to third
Pinch Hitting: RHB Lee Mlak 0-0: Ground out 6-3 (Groundball, 56, EV 88.8 MPH)
Ernest Lesley scores
Batting: RHB Joe Wolfe 0-0: Ball
1-0: Swinging Strike
1-1: Foul Ball, location: 2F
1-2: Strikes out swinging
Batting: RHB Bob Byrd 0-0: Ball
1-0: Ball
2-0: Called Strike
2-1: Called Strike
2-2: Ball
3-2: Strikes out swinging
Top of the 8th over - 5 runs, 6 hits, 0 errors, 1 left on base; Surprise 11 - Franklin 2
BOTTOM OF THE 8TH
Franklin Fire batting - Pitching for Surprise Shockers : RHP Phil Waasdorp
Now at SS: Lee Mlak
Pinch Hitting: RHB Gabriel De La Garza 0-0: SINGLE (Groundball, 56, EV 81.2 MPH) (infield hit)
Pinch Hitting: RHB Mario Gutiérrez 0-0: Ball
1-0: Ball
2-0: Called Strike
2-1: Foul Ball, location: 2F
2-2: Fielders Choice at 2nd, 4-6 (Groundball, 4M, EV 83.1 MPH)
Pinch Hitting: SHB Mauro DelPiero 0-0: Ball
1-0: Foul Ball, location: 2F
1-1: Called Strike
1-2: Ball
2-2: Strikes out swinging
Pinch Hitting: RHB Dave Delaney 0-0: Ball
1-0: Swinging Strike
1-1: Called Strike
1-2: SINGLE (Groundball, 56D, EV 97.5 MPH)
Mario Gutiérrez to second
Pinch Hitting: LHB Steve Hollis 0-0: Fielders Choice at 2nd, 5-4 (Groundball, 56, EV 85.6 MPH)
Bottom of the 8th over - 0 runs, 2 hits, 0 errors, 2 left on base; Surprise 11 - Franklin 2
TOP OF THE 9TH
Surprise Shockers batting - Pitching for Franklin Fire : RHP José Rivera
Now at 3B: Mario Gutiérrez
Now at SS: Gabriel De La Garza
Now in LF: Dave Delaney
Now in CF: Mauro DelPiero
Now in RF: Steve Hollis
Batting: RHB Mark Fontenot 0-0: Called Strike
0-1: Foul Ball, location: 2F
0-2: Ball
1-2: Foul Ball, location: 2F
1-2: SINGLE (Groundball, 6D, EV 94.4 MPH)
Pinch Hitting: SHB António González Balk!
Mark Fontenot to second
0-0: Fly out, F7 (Flyball, 78S, EV 86.2 MPH)
Pinch Hitting: SHB Rusty Heath 0-0: Ball
1-0: 2-RUN HOME RUN (Flyball, 9LD, EV 90.0 MPH), Distance : 341 ft
Pinch Hitting: RHB Garth LaGrange 0-0: Foul Ball, location: 2F
0-1: Swinging Strike
0-2: Foul Ball, location: 2F
0-2: SINGLE (Line Drive, 8LS, EV 91.9 MPH)
Pinch Hitting: RHB Andrew Bash 0-0: Called Strike
0-1: Called Strike
0-2: SINGLE (Line Drive, 8RS, EV 88.1 MPH)
Garth LaGrange to second
Batting: LHB Lewis N. Clark 0-0: Ball
1-0: Called Strike
1-1: Ball
2-1: Swinging Strike
2-2: Ball
3-2: Strikes out swinging
Batting: RHB Lee Mlak 0-0: Ball
1-0: Ball
2-0: Swinging Strike
2-1: Ball
3-1: Swinging Strike
3-2: Strikes out swinging
Top of the 9th over - 2 runs, 4 hits, 0 errors, 2 left on base; Surprise 13 - Franklin 2
BOTTOM OF THE 9TH
Franklin Fire batting - Pitching for Surprise Shockers : RHP Phil Waasdorp
Now at C: António González
Now at 1B: Garth LaGrange
Now at 3B: Rusty Heath
Now in RF: Andrew Bash
Pinch Hitting: RHB Andrew Kuwuki 0-0: Ball
1-0: Foul Ball, location: 2F
1-1: Fly out, F9 (Flyball, 9S, EV 79.4 MPH)
Batting: SHB Kevin Davis 0-0: Ball
1-0: Called Strike
1-1: Ball
2-1: Ground out U3 (Groundball, 34, EV 101.2 MPH)
Batting: RHB Randy Baker 0-0: Fly out, F9 (Flyball, 89M, EV 87.5 MPH)
Bottom of the 9th over - 0 runs, 0 hits, 0 errors, 0 left on base; Surprise 13 - Franklin 2
Friday, April 17th, 2020 - OOTP Baseball 20.8 Build 74